Map: Apotheosis LE

Players

AwesomeAlex

  • Race: Zerg Zerg
  • League: Diamond

Deadpool - Winner!

  • Race: Terran Terran
  • League: Diamond

VOD

Have the link to the VOD?

Description

Time

  • Played on: Oct. 31, 2016, 8:27 p.m.
  • Length: 7:02
Show
View Real Time Build Order
Export as new Build Order

AwesomeAlex Zerg 

Build Orders: Hatch First 

Get SALT Encoding   

  12  0:04  Drone  
  13  0:11  Drone  
  14  0:22  Overlord  
  14  0:38  Overlord  
  14  0:41  Drone x2  
  16  0:53  Drone  
  17  1:07  Drone  
  17  1:11  Hatchery, Unknown  
  17  1:23  Drone x2  
  17  1:25  Extractor  
  18  1:27  Spawning Pool  
  18  1:32  Drone  
  18  1:43  Drone  
  19  2:15  Queen  
  19  2:17  Zergling x6  
  19  2:22  Unknown  
  24  2:33  Queen  
  24  2:35  Drone x3  
  29  2:43  Metabolic Boost  
  28  2:59  Extractor  
  28  3:15  Drone x2  
  28  3:16  Drone  
  31  3:20  Drone  
  31  3:21  Drone x2  
  31  3:23  Queen  
  31  3:25  Hatchery, Unknown  
  35  3:36  Overlord  
  35  3:54  Queen  
  37  3:58  Drone x2  
  37  3:59  Drone  
  37  4:00  Drone x4  
  44  4:15  Overlord x3  
  44  4:30  Overlord  
  44  4:33  Queen x2  
  44  4:36  Unknown  
  44  4:38  Queen  
  48  4:40  Drone  
  48  4:41  Drone x9  
  59  5:01  Zergling x12  
  59  5:02  Zergling x2  
  66  5:11  Queen  
  70  5:15  Zergling x2  
  70  5:16  Zergling x6  
  70  5:20  Lair  
  72  5:25  Evolution Chamber x2  
  72  5:26  Baneling Nest  
  72  5:28  Extractor  
  68  5:30  Drone x3, Extractor  
  68  5:31  Extractor, Drone  
  68  5:32  Drone x3  
  73  5:57  Drone  
  73  5:58  Overlord x2  
  73  6:18  Zergling x4  
  57  6:19  Zergling x22  
  62  6:32  Zergling x2  
  62  6:33  Zergling x10  
Show
View Real Time Build Order
Export as new Build Order

Deadpool Terran - Winner!

Build Orders: Reaper Expand 

Get SALT Encoding   

  12  0:00  SCV  
  13  0:12  SCV  
  14  0:17  Supply Depot  
  14  0:24  SCV  
  15  0:39  Barracks, SCV  
  16  0:45  Refinery  
  16  0:51  SCV  
  17  1:03  SCV  
  18  1:17  SCV  
  19  1:28  Reaper  
  20  1:33  Orbital Command  
  20  1:45  Command Center, Unknown  
  20  1:57  Barracks  
  20  2:01  Barracks Reactor  
  20  2:04  SCV  
  21  2:15  Supply Depot  
  21  2:16  SCV  
  22  2:27  Factory  
  22  2:28  SCV  
  22  2:29  Refinery  
  23  2:40  SCV  
  24  2:53  SCV  
  24  2:55  Marine x3  
  24  2:57  Unknown  
  28  3:13  Marine x3  
  28  3:16  Factory Reactor  
  28  3:18  Orbital Command, Starport  
  31  3:28  SCV  
  31  3:31  Marine x2  
  31  3:33  Barracks Tech Lab  
  34  3:40  SCV  
  35  3:44  SCV  
  35  3:45  Supply Depot  
  36  3:51  Marine  
  36  3:52  SCV  
  40  3:56  SCV  
  39  4:04  Medivac x2  
  43  4:12  SCV x2  
  43  4:14  Hellion  
  43  4:15  Hellion  
  49  4:24  SCV x2  
  49  4:25  Supply Depot  
  49  4:28  Stimpack  
  49  4:30  Marine x2  
  53  4:36  SCV  
  54  4:44  Armory  
  54  4:47  Hellion, SCV  
  57  4:53  Supply Depot  
  57  4:58  SCV  
  57  4:59  SCV  
  59  5:03  Marine x3  
  62  5:11  Supply Depot  
  62  5:15  Hellion x2, Medivac  
  62  5:21  Marine x2  
  69  5:24  Supply Depot  
  69  5:27  Marine  
  71  5:30  SCV x2  
  73  5:38  Marine  
  73  5:42  Marine, SCV x2  
  77  5:43  Hellion x2  
  77  5:45  Marine  
  82  5:54  Medivac, SCV  
  82  5:56  Marine  
  86  5:59  Marine  
  86  6:02  Marine  
  87  6:14  Marine  
  81  6:23  Marine x2  
  83  6:32  Marine  
  84  6:35  Hellion  
  90  6:40  Marine  
  90  6:41  Marine  
Tags
 
Add a new tag
Caveats
  • Supply blocks, unpowered buildings, or Contaminate may cause inaccurate times.
  • Supply counts are checked every 10 seconds.